 Dungeon Crawl Stone Soup version 0.29.0-4-gdea44cf6ec (webtiles) character file.

Game seed: 13998510714695896873

51 qw the Chopper (level 3, -2/21 HPs)
             Began as a Tengu Warper on Aug 28, 2022.
             Slain by a hobgoblin (3 damage)
             ... led by Robin
             ... on level 2 of the Dungeon.
             The game lasted 00:00:09 (1924 turns).

qw the Chopper (Tengu Warper)                       Turns: 1924, Time: 00:00:09

Health: -2/21      AC:  6    Str: 13    XL:     3   Next: 83%
Magic:  7/7        EV: 11    Int: 13    God:
Gold:   5          SH:  0    Dex: 13    Spells: 6/6 levels left

rFire   . . .      SeeInvis .   Y - +0 hand axe
rCold   . . .      Faith    .   (no shield)
rNeg    . . .      Spirit   .   k - +0 ring mail
rPois   .          Reflect  .   (helmet restricted)
rElec   .          Harm     .   j - +0 cloak
rCorr   .          Rampage  .   (no gloves)
Will    .....                   (boots unavailable)
Stlth   +.........              (no amulet)
HPRegen 0.07/turn               (no ring)
MPRegen 0.10/turn               (no ring)

@: no status effects
A: beak, talons 3
a: no special abilities


You were on level 2 of the Dungeon.
You visited 1 branch of the dungeon, and saw 2 of its levels.

You collected 5 gold pieces.


Innate Abilities, Weirdness & Mutations

You have a beak for a mouth.
You have claws for feet.


   Skills:
 - Level 2.0 Fighting
 + Level 4.4 Axes
 - Level 1.0 Throwing
 - Level 1.1 Armour
 - Level 2.1 Dodging
 - Level 2.0 Spellcasting
 - Level 2.4 Translocations


You had 6 spell levels left.
You didn't know any spells.
Your spell library contained the following spells:

 Spells                   Type           Power      Damage    Failure   Level
 Blink                    Tloc           14%        N/A       30%         2
 Gell's Gravitas          Tloc           7%         N/A       52%         3
 Lesser Beckoning         Tloc           7%         N/A       52%         3
 Teleport Other           Tloc           7%         N/A       52%         3
 Manifold Assault         Tloc           7%         N/A       99%         5

Inventory:

Hand Weapons
 g - a +0 club
 Y - a +0 hand axe (weapon)
Armour
 j - a +0 cloak (worn)
 k - a +0 ring mail (worn)
Scrolls
 a - a scroll of identify
Potions
 b - 2 potions of resistance {unknown}
 e - a potion of curing {unknown}

Dungeon Overview and Level Annotations

Branches:
Dungeon (2/15)

Altars:

Annotations:
D:2 Robin


Message History

Robin says, "My goblins will feast on your bones."
Robin closely misses you.
1916 ||| Stepping ~*~*~tactically~*~*~ (stealth).
Items here: % ( ))).
The hobgoblin shouts!
You barely miss Robin. Your kick misses Robin.
Robin is moderately wounded.
You barely miss the adder. Robin barely misses you.
The adder bites you but does no damage.
You barely miss Robin. You claw Robin, but do no damage.
Robin is moderately wounded.
You hit the adder. The adder bites you but does no damage.
Robin hits you but does no damage.
You hit Robin. You claw Robin.
Robin is heavily wounded.
You closely miss the adder. The adder bites you but does no damage.
Robin throws the goblin at you! The adder bites you but does no damage.
You barely miss Robin. Your kick misses Robin.
Robin is heavily wounded.
You hit the goblin. You closely miss the adder. The goblin barely misses you.
Robin hits you but does no damage. The adder misses you.
You barely miss the goblin. Your kick misses the goblin.
The goblin is severely wounded.
You closely miss the adder. You hit Robin but do no damage.
The goblin no longer looks unusually strong.
The adder barely misses you. Robin hits you with a +0 falchion.
The goblin hits you but does no damage. The adder barely misses you.
Robin barely misses you. The goblin hits you with a +0 dagger.
You hit the goblin.
You kill the goblin!
You closely miss the adder. You completely miss Robin. You hit the hobgoblin.
The adder barely misses you. The hobgoblin hits you.
Robin hits you with a +0 falchion.
You hit Robin. You claw Robin. Your peck misses Robin.
Robin is almost dead.
You barely miss the adder. You closely miss the hobgoblin.
The adder barely misses you. The hobgoblin hits you.
You die...

#######.' #.#
...>....#...# ..#
........#...# ###.#
........#...# #<#.#
........#...#.#%#.#
........#...#...%.#
#.......#...####..#
#......)#S..# #.).#
#......)@g..###)#.#######
#........g.....)#.......#
#........###.##########.#
#........# #.# #......#..
.)# ####.#####..## #. ##.
# #. #.


You could see Robin, an adder and a hobgoblin (strong).

Vanquished Creatures
  A dart slug (D:2)
  4 bats
  5 endoplasms (D:1)
  A giant cockroach (D:1)
  13 goblins
  4 hobgoblins
  3 kobolds (D:1)
  A quokka (D:1)
  3 ball pythons
  4 frilled lizards
  4 rats (D:1)
43 creatures vanquished.

Notes
Turn   | Place    | Note
-------+----------+-------------------------------------------
     0 | D:1      | qw the Tengu Warper began the quest for the Orb.
     0 | D:1      | Reached XP level 1. HP: 12/12 MP: 4/4
     0 | D:1      | 0 ||| qw: Version: 0.1-a-89-g26bdef1
     0 | D:1      | 0 ||| qw: Game counter: 2676
     0 | D:1      | 0 ||| qw: Always use a shield: true
     0 | D:1      | 0 ||| qw: God list: Okawaru
     0 | D:1      | 0 ||| qw: Allow faded altars: false
     0 | D:1      | 0 ||| qw: Do Orc after D:15 true
     0 | D:1      | 0 ||| qw: Do second Lair branch before Depths: true
     0 | D:1      | 0 ||| qw: Lair rune preference: random
     0 | D:1      | 0 ||| qw: Plans: Normal
     0 | D:1      | 0 ||| PLANNING D:1-11
   448 | D:1      | Reached XP level 2. HP: 16/17 MP: 6/6
   487 | D:1      | Reached skill level 3 in Axes
  1295 | D:1      | Reached XP level 3. HP: 21/21 MP: 7/7
  1792 | D:1      | 1792 ||| UPGRADING to +0 cloak.
  1797 | D:1      | 1797 ||| UPGRADING to +0 ring mail.
  1807 | D:1      | 1807 ||| DROPPING +0 leather armour.
  1808 | D:1      | 1808 ||| READING 2 scrolls labelled NUJEAM YTAECK.
  1809 | D:1      | 1809 ||| READING scroll labelled FEDODI MAMOEJ.
  1812 | D:1      | 1812 ||| READING scroll labelled SAOLOMEMYI.
  1813 | D:1      | 1813 ||| READING scroll labelled NOFFUFR POFROTIMP.
  1814 | D:1      | 1814 ||| DROPPING scroll of blinking.
  1861 | D:2      | Reached skill level 4 in Axes
  1874 | D:2      | 1874 ||| Stepping ~*~*~tactically~*~*~ (stealth).
  1876 | D:2      | 1876 ||| Stepping ~*~*~tactically~*~*~ (stealth).
  1885 | D:2      | 1885 ||| Stepping ~*~*~tactically~*~*~ (stealth).
  1897 | D:2      | 1897 ||| Stepping ~*~*~tactically~*~*~ (stealth).
  1906 | D:2      | Noticed Robin
  1916 | D:2      | 1916 ||| Stepping ~*~*~tactically~*~*~ (stealth).
  1923 | D:2      | HP: 1/21 [Robin/+0 falchion (5)]
  1924 | D:2      | Slain by a hobgoblin

Levels and vault maps discovered:
D:1:      dpeg_cavernosity, layout_basic
D:2:      layout_basic, kennysheep_generic_room_13, uniq_robin

Skill      XL: |  1  2  3 |
---------------+----------+-----
Axes           | 3 4 |  4.4
Fighting       | |  2.0
Throwing       | |  1.0
Armour         | |  1.1
Dodging        | |  2.1
Spellcasting   | |  2.0
Translocations | |  2.4

Action                   || total
-------------------------++-------
Melee: Hand axe          ||    95
       Peck              ||    11
       Kick              ||    19
Throw: Boomerang         ||     7
  Use: Scroll            ||     4
 Stab: Sleeping          ||     1
Armor: Leather armour    ||    17
       Ring mail         ||    17
Dodge: Dodged            ||    51

Table legend:
 A = Non-vault XP
 B = Vault XP
 C = Vault XP percentage of total XP
 D = Non-vault monster count
 E = Vault monster count
 F = Vault count percentage of total count
                 A         B        C        D         E       F
            +---------+---------+-------+---------+---------+-------
      Total |      47 |      27 |  36.5 |      28 |      15 |  34.9
            +---------+---------+-------+---------+---------+-------
        D:1 |      37 |       6 |  14.0 |      23 |       4 |  14.8
        D:2 |      10 |      21 |  67.7 |       5 |      11 |  68.8
            +---------+---------+-------+---------+---------+-------
